Map: Oxide LE

Players

Pumba - Winner!

  • Race: Zerg Zerg
  • League: Master
  • Spawn Location: 7:00

Ryan

  • Race: Zerg Zerg
  • League: Grandmaster
  • Spawn Location: 1:00

VOD

Have the link to the VOD?

Description

Time

  • Played on: Sept. 21, 2021, 10:20 p.m.
  • Length: 7:15
Show
View Real Time Build Order
Export as new Build Order

Pumba Zerg - Winner!

Build Orders: Hatch First 

Get SALT Encoding   

  12  0:00  Drone  
  13  0:12  Overlord  
  13  0:18  Drone  
  14  0:31  Drone x2  
  14  0:35  Drone  
  17  0:52  Hatchery  
  17  0:56  Drone  
  17  1:00  Drone  
  18  1:09  Extractor  
  17  1:14  Spawning Pool  
  17  1:16  Drone  
  17  1:19  Drone  
  18  1:28  Drone  
  19  1:40  Overlord  
  19  1:50  Drone  
  20  2:01  Queen  
  20  2:02  Zergling x2  
  20  2:04  Zergling x2, Queen  
  26  2:11  Drone  
  26  2:12  Metabolic Boost  
  27  2:16  Drone  
  27  2:22  Drone  
  29  2:27  Drone  
  30  2:38  Zergling x2  
  30  2:41  Hatchery  
  30  2:45  Drone x2  
  32  2:53  Baneling Nest  
  32  2:54  Drone x2  
  33  2:58  Overlord  
  32  3:14  Zergling x2  
  32  3:16  Drone x2  
  35  3:24  Zergling x2  
  35  3:26  Drone x5  
  41  3:35  Evolution Chamber  
  40  3:45  Zergling x4  
  42  3:48  Overlord  
  42  3:50  Extractor  
  42  3:53  Drone x3  
  42  3:54  Drone x2  
  42  3:55  Drone  
  47  3:56  Queen  
  49  4:03  Baneling x2  
  49  4:06  Baneling x3  
  49  4:16  Drone x3, Extractor  
  51  4:24  Zergling x4  
  53  4:25  Overlord x3  
  53  4:28  Drone x3  
  53  4:29  Drone, Overlord  
  56  4:43  Zergling x6  
  56  4:44  Baneling x2  
  55  4:51  Zergling x6, Roach Warren  
  55  4:52  Zergling x6  
  59  4:58  Zergling x2, Spine Crawler  
  59  5:10  Zerg Missile Weapons Level 1  
  59  5:15  Drone x2  
  59  5:16  Overlord  
  62  5:21  Baneling x2  
  62  5:39  Roach x9  
  78  5:44  Roach x3  
  78  5:48  Roach  
  82  5:54  Roach x3  
  87  6:00  Roach x3  
  90  6:12  Roach x4  
  90  6:16  Zergling x2  
  97  6:23  Zergling x2  
  97  6:24  Overlord x2  
  98  6:38  Baneling x2  
  98  6:43  Zergling x20  
  98  6:44  Zergling x4  
  110  6:52  Baneling x2  
Show
View Real Time Build Order
Export as new Build Order

Ryan Zerg 

Build Orders: Hatch First 

Get SALT Encoding   

  12  0:03  Drone  
  13  0:15  Overlord  
  13  0:24  Drone  
  14  0:36  Drone x2  
  16  0:50  Hatchery  
  16  0:54  Drone  
  16  0:56  Drone  
  17  1:00  Drone  
  18  1:11  Extractor  
  18  1:15  Spawning Pool  
  18  1:18  Drone  
  17  1:22  Drone  
  18  1:31  Drone  
  19  1:43  Drone  
  20  1:53  Overlord  
  20  2:02  Queen x2  
  20  2:05  Drone x2  
  26  2:14  Drone x2  
  28  2:17  Metabolic Boost  
  28  2:24  Drone  
  28  2:26  Drone  
  30  2:34  Zergling x2  
  30  2:36  Zergling x2  
  32  2:43  Hatchery  
  31  2:44  Overlord  
  31  2:50  Baneling Nest  
  30  2:54  Drone  
  30  2:56  Drone  
  32  3:06  Drone x2  
  34  3:14  Extractor  
  34  3:15  Drone x7  
  34  3:18  Hatchery  
  40  3:24  Zergling x2  
  41  3:31  Zergling x2, Evolution Chamber  
  41  3:33  Zergling x2  
  42  3:34  Baneling x2  
  42  3:36  Zergling x2  
  43  3:43  Overlord  
  43  3:46  Zergling x2  
  44  4:02  Zerg Melee Weapons Level 1  
  44  4:03  Zergling x10  
  44  4:04  Zergling x2  
  44  4:05  Queen  
  44  4:08  Baneling  
  52  4:10  Baneling x2  
  51  4:24  Drone, Extractor  
  51  4:28  Baneling x2  
  51  4:29  Queen  
  53  4:32  Drone x5  
  54  4:43  Drone x5  
  57  4:46  Drone  
  57  4:50  Extractor  
  57  4:51  Overlord  
  57  4:52  Extractor  
  55  4:58  Drone x2  
  55  4:59  Overlord x2  
  55  5:12  Lair  
  55  5:13  Zergling x12  
  55  5:14  Zergling x4  
  63  5:16  Evolution Chamber  
  63  5:20  Drone  
  63  5:23  Zergling x2  
  64  5:31  Drone  
  65  5:35  Zergling x2  
  65  5:36  Zergling x10  
  65  5:42  Zergling x6  
  62  5:45  Zergling x4  
  55  5:58  Zergling x2  
  55  5:59  Zergling x10  
  55  6:02  Drone x3  
  64  6:07  Drone  
  65  6:12  Drone x2  
  65  6:21  Queen  
  65  6:24  Drone x4  
  70  6:29  Drone x3  
  70  6:30  Spire  
  69  6:33  Drone x3  
  69  6:36  Drone x3  
  69  6:46  Drone x4  
  73  6:49  Zergling x2  
  73  6:54  Spine Crawler  
  73  6:55  Zergling x2  
Tags
 
Add a new tag
Caveats
  • Supply blocks, unpowered buildings, or Contaminate may cause inaccurate times.
  • Supply counts are checked every 10 seconds.